 Dungeon Crawl Stone Soup version 0.24.0-123-gd5b16e6ec5 (webtiles) character file.

Game seed: 12974605213322652574, levelgen mode: deterministic

393 FishyPogo the Charmwright (level 7, 0/46 HPs)
             Began as a Halfling Skald on Dec 20, 2019.
             Slain by an adder (2 damage)
             ... on level 5 of the Dungeon.
             The game lasted 00:16:28 (2766 turns).

FishyPogo the Charmwright (Halfling Skald)          Turns: 2766, Time: 00:16:28

Health: 0/46       AC:  4    Str: 13    XL:     7   Next: 8%
Magic:  7/10       EV: 15    Int: 11    God:
Gold:   90         SH:  0    Dex: 18    Spells: 4/10 levels left

rFire    + . .     SeeInvis .   c - +1 dagger "Obaom" {venom, Fragile rF+ Dex+3} (curse)
rCold    . . .     Gourm    .   (shield restricted)
rNeg     + . .     Faith    +   s - +0 leather armour
rPois    .         Spirit   .   (no helmet)
rElec    .         Reflect  .   k - +0 cloak
rCorr    .         Harm     .   (no gloves)
MR       .....                  (no boots)
Stlth    +.........             w - amulet of faith
HPRegen  0.15/turn              y - ring of flight
MPRegen  0.12/turn              n - ring of positive energy

@: lethally poisoned (0 -> -2), starving
A: small, mutation resistance 1
a: Evoke Flight


You were on level 5 of the Dungeon.
You were starving.

You visited 1 branch of the dungeon, and saw 6 of its levels.

You collected 90 gold pieces.

Inventory:

Hand Weapons
 a - a +0 hand axe
 c - the cursed +1 dagger "Obaom" (weapon) {venom, Fragile rF+ Dex+3}
   (You found it on level 6 of the Dungeon)

   It poisons the flesh of those it strikes.
   It affects your dexterity (+3).
   It protects you from fire.
   It will be destroyed if unequipped.
   It has a curse placed upon it.
 p - a +2 spear of venom
Missiles
 f - 21 poisoned darts (quivered)
 g - 166 stones
 o - 6 atropa-tipped darts
Armour
 h - a +2 ring mail of cold resistance
 k - a +0 cloak (worn)
 s - a +0 leather armour (worn)
 v - a +0 buckler
Jewellery
 n - a ring of positive energy (right hand)
 u - an uncursed ring of fire
 w - an amulet of faith (around neck)
 y - a ring of flight (left hand)
Scrolls
 b - a scroll of random uselessness {unknown}
 e - 2 scrolls of fear
 j - 4 scrolls of identify {unknown}
Potions
 i - 2 potions of flight
 l - 3 potions of curing
Comestibles
 d - 14 rations


   Skills:
 + Level 3.3 Fighting
 - Level 2.9(3.1) Axes
 - Level 1.2(2.1) Polearms
 - Level 2.0 Armour
 - Level 3.1 Dodging
 * Level 2.5 Shields
 + Level 2.0 Spellcasting
 + Level 4.1 Charms
 - Level 1.0 Necromancy
 + Level 1.4 Translocations


You had 4 spell levels left.
You knew the following spells:

 Your Spells              Type           Power        Failure   Level  Hunger
h - Regeneration          Chrm/Necr      #.........   36%         3    ####...
p - Shroud of Golubria    Chrm/Tloc      #.....       19%         2    ###....
y - Infusion              Chrm           ##..         7%          1    ##.....

Your spell library contained the following spells:

 Spells                   Type           Power        Failure   Level  Hunger
 Song of Slaying          Chrm           ##......     11%         2    ###....
 Spectral Weapon          Hex/Chrm       #.......     43%         3    ####...


Dungeon Overview and Level Annotations

Branches:
Dungeon (6/15)
 Temple: D:4-7

Altars:
Yredelemnul


Innate Abilities, Weirdness & Mutations

You are small and have problems with some larger weapons.
You are somewhat resistant to further mutation.


Message History

The adder is heavily wounded.
The adder bites you. x2
* * * LOW HITPOINT WARNING * * *
You are poisoned.
The adder poisons you! The phantom hits you.
* * * LOW HITPOINT WARNING * * *
You closely miss the adder.
The adder is heavily wounded.
You feel sick. The adder barely misses you. The phantom hits you.
* * * LOW HITPOINT WARNING * * *
The phantom blinks!
You hit the adder but do no damage.
The adder looks as sick as possible!
The adder is heavily wounded.
The adder bites you.
* * * LOW HITPOINT WARNING * * *
You miss the adder.
The adder is heavily wounded.
* * * LOW HITPOINT WARNING * * *
You feel sick. The adder bites you.
You die...

##.....## ##...##
##'## #.# ## #.## ..
##..## #.#....##
#.......#########.#
##.......W...@S..((#
...<.[......#########
###........##
#.#..<..## #.##...##
. ##.## # ###


You could see a phantom and an adder.

Vanquished Creatures
  An ice beast (D:5)
  A centaur (D:5)
  A hound (D:4)
  A centaur skeleton (D:6)
  An iguana (D:5)
  3 gnolls (D:2)
  2 adders
  A shadow imp (D:5)
  An ooze (D:1)
  An adder skeleton (D:4)
  2 worms (D:2)
  4 dart slugs (D:1)
  3 leopard geckos
  3 orcs (D:4)
  A ball python (D:2)
  3 giant cockroaches
  3 goblins
  7 hobgoblins
  7 jackals
  6 kobolds
  2 quokkas
  2 bats
  2 frilled lizards
  3 rats
61 creatures vanquished.

Notes
Turn   | Place    | Note
-------+----------+-------------------------------------------
     0 | D:1      | FishyPogo the Halfling Skald began the quest for the Orb.
     0 | D:1      | Reached XP level 1. HP: 14/14 MP: 3/3
   178 | D:1      | Reached XP level 2. HP: 13/19 MP: 0/4
   182 | D:1      | Learned a level 2 spell: Shroud of Golubria
   401 | D:1      | Reached XP level 3. HP: 16/24 MP: 2/5
   717 | D:2      | Learned a level 3 spell: Regeneration
  1023 | D:2      | Reached XP level 4. HP: 29/29 MP: 7/7
  1129 | D:2      | Found a basalt altar of Yredelemnul.
  1651 | D:3      | Reached XP level 5. HP: 32/35 MP: 8/8
  1957 | D:5      | Entered Level 5 of the Dungeon
  2123 | D:5      | Noticed an ogre
  2159 | D:5      | Noticed an ice beast
  2219 | D:5      | Killed an ice beast
  2219 | D:5      | Reached skill level 1 in Polearms
  2219 | D:5      | Reached skill level 1 in Shields
  2219 | D:5      | Reached XP level 6. HP: 13/41 MP: 1/9
  2248 | D:5      | Noticed a sky beast
  2324 | D:5      | Reached skill level 1 in Necromancy
  2324 | D:5      | Reached skill level 1 in Translocations
  2390 | D:6      | Reached skill level 4 in Charms
  2421 | D:6      | Got a polished dagger
  2422 | D:6      | Identified the cursed +1 dagger "Obaom" {venom, Fragile rF+
                  | Dex+3} (You found it on level 6 of the Dungeon)
  2497 | D:5      | Reached XP level 7. HP: 23/46 MP: 4/10
  2766 | D:5      | HP: 2/46 [poisoned by an adder]
  2766 | D:5      | Slain by an adder

Levels and vault maps discovered:
D:1:      dpeg_arrival_rhombus, layout_basic
D:2:      layout_loops_ring, nicolae_overflow_crystal_walls, roderic_lattice_a,
          chequers_serial_rivers_room_b, minmay_tromino_v4_c
D:3:      layout_loops_ring, uniq_sigmund
D:4:      layout_basic, minmay_manual_mandibuliform
D:5:      layout_loops_corners, first_ration
D:6:      layout_rooms

Skill      XL: |  1  2  3  4  5  6 |
---------------+-------------------+-----
Fighting       | 2 3 |  3.3
Spellcasting   | 2 |  2.0
Armour         | 2 |  2.0
Polearms       | 1 |  1.2
Shields        | 1 2 |  2.5
Dodging        | 3 |  3.1
Necromancy     | 1 |  1.0
Translocations | 1 |  1.4
Charms         | 4 |  4.1
Axes           | |  2.9

Action                   |  1- 3 |  4- 6 |  7- 9 || total
-------------------------+-------+-------+-------++-------
Melee: Hand axe          |    57 |       |       ||    57
       Spear             |    23 |   116 |       ||   139
       Dagger            |       |     6 |    88 ||    94
Throw: Dart              |       |       |     2 ||     2
 Cast: Infusion          |     7 |       |       ||     7
       Shroud of Golubri |     2 |     8 |     6 ||    16
       Regeneration      |     1 |     5 |     3 ||     9
  Use: Scroll            |       |     6 |       ||     6
       Potion            |       |     4 |       ||     4
  Eat: Chunk             |     1 |     5 |     2 ||     8
Armor: Leather armour    |    19 |    29 |    13 ||    61
Dodge: Dodged            |    38 |    96 |    48 ||   182
